 Dungeon Crawl Stone Soup version 0.19-a0-1697-g0595f0e (webtiles) character file.

100 Ijustatesigmund the Sneak (level 5, -19/28 HPs)
             Began as a Kobold Conjurer on Sept 26, 2016.
             Killed from afar by a giant cockroach (27 damage)
             ... with an exploding inner flame
             ... hexed by the player character
             ... on level 3 of the Dungeon.
             The game lasted 00:09:25 (2691 turns).

Ijustatesigmund the Sneak (Kobold Conjurer)         Turns: 2691, Time: 00:09:27

Health: -19/28     AC:  5    Str:  6    XL:     5   Next: 3%
Magic:  3/8        EV: 15    Int: 17    God:
Gold:   126        SH:  0    Dex: 15    Spells: 3 memorised, 2 levels left

rFire  . . .     SeeInvis .     i - +0 short sword
rCold  . . .     Gourm    .     a - +0 robe
rNeg   . . .     Faith    .     (shield restricted)
rPois  .         Spirit   .     (no helmet)
rElec  .         Dismiss  .     (no cloak)
rCorr  .         Reflect  .     d - +1 pair of gloves
MR     .....     Harm     .     (no boots)
Stlth  ++........               (no amulet)
                                (no ring)
                                (no ring)

@: very slightly contaminated
A: carnivore 3
a: no special abilities


You were on level 3 of the Dungeon.
You were not hungry.

You visited 1 branch of the dungeon, and saw 4 of its levels.

You collected 126 gold pieces.

Inventory:

Hand Weapons
 g - a +0 dagger
 i - a +0 short sword (weapon)
Missiles
 e - 2 throwing nets (quivered)
Armour
 a - a +0 robe (worn)
 d - a +1 pair of gloves (worn)
Scrolls
 o - a scroll of identify
Potions
 h - 3 potions of cancellation
 j - a potion of haste
 k - a potion of curing
 l - 2 potions of magic {unknown}
Books
 b - a book of Conjurations

   Spells                             Type                      Level
   a - Magic Dart                     Conjuration                  1
   b - Searing Ray                    Conjuration                  2
   c - Dazzling Spray                 Conjuration/Hexes            3
   d - Fulminant Prism                Conjuration/Hexes            4
   e - Iskenderun's Mystic Blast      Conjuration                  4
   f - Iskenderun's Battlesphere      Conjuration/Charms           5
Comestibles
 c - 3 meat rations


   Skills:
 + Level 3.3 Short Blades
 - Level 2.4 Dodging
 + Level 4.7 Stealth
 - Level 2.1 Spellcasting
 - Level 4.4 Conjurations


You had 2 spell levels left.
You knew the following spells:

 Your Spells              Type           Power        Failure   Level  Hunger
a - Magic Dart            Conj           ###.         3%          1    #......
b - Searing Ray           Conj           ###...       6%          2    ###....
c - Dazzling Spray        Conj/Hex       #.....       24%         3    ###....


Dungeon Overview and Level Annotations

Branches:
Dungeon (4/15)
 Temple: D:4-7

Altars:
Vehumet
Yredelemnul

Annotations:
D:2 1 runed door
D:3 Terence
D:4 Edmund


Innate Abilities, Weirdness & Mutations

You are small and have problems with some larger weapons.
You are carnivorous and can eat meat at any time.


Message History

The giant cockroach bites you but does no damage.
You barely miss the giant cockroach. The giant cockroach barely misses you.
Your unstable footing causes you to fumble your attack.
The giant cockroach bites you but does no damage.
Casting: Magic Dart
Confirm with . or Enter, or press ? or * to list all spells.
Aiming: Searing Ray
Press: ? - help, Shift-Dir - straight line, f - giant cockroach
Aim: a giant cockroach (clinging, inner flame)
The searing ray hits the giant cockroach.
The giant cockroach is heavily wounded.
The giant cockroach bites you but does no damage.
Terence says, "Don't bother to defend, it's pointless."
The searing ray hits the giant cockroach.
The giant cockroach explodes!
The fiery explosion engulfs the jackal.
The jackal explodes!
The fiery explosion engulfs you!
Ouch! That really hurt!
You die...

##...####.#### ####@#
#.........# #..lh.
#...######### #..###
#####..##h.h≈≈@h####.....
#......#@#######≈#...####
#......#§#≈≈≈,*#≈#.###
#>.....#§#≈***,#@#.#
########§#≈*∩*≈#h#.#
#@#≈*≈*,#≈#.#
#≈#*,**≈#≈#.#
#≈#****≈#≈#h#
##.≈≈≈≈##≈#.#
*#****#.##.# #....#
######


You could see Terence (inner flame) and a jackal (inner flame).

Vanquished Creatures
  3 adders
  An ooze (D:2)
  2 worms (D:2)
  4 dart slugs
  2 leopard geckos (D:2)
  A ball python (D:1)
  3 giant cockroaches
  4 goblins
  2 hobgoblins
  A jackal (D:3)
  3 quokkas (D:2)
  8 bats
  5 frilled lizards
  A jackal skeleton (D:2)
  5 kobolds
  A kobold skeleton (D:2)
  7 rats
53 creatures vanquished.

Notes
Turn   | Place    | Note
-------+----------+-------------------------------------------
     0 | D:1      | Ijustatesigmund the Kobold Conjurer began the quest for the Orb.
     0 | D:1      | Reached XP level 1. HP: 10/10 MP: 3/3
   312 | D:1      | Reached XP level 2. HP: 6/15 MP: 0/5
   859 | D:1      | Reached skill level 1 in Short Blades
  1201 | D:1      | Reached XP level 3. HP: 19/19 MP: 3/6
  1205 | D:1      | Learned a level 2 spell: Searing Ray
  1209 | D:1      | Learned a level 3 spell: Dazzling Spray
  1462 | D:2      | Found a runed door.
  1462 | D:2      | Found a basalt altar of Yredelemnul.
  1462 | D:2      | Noticed a human
  1721 | D:2      | Reached XP level 4. HP: 24/24 MP: 2/7
  2596 | D:3      | Noticed Terence
  2622 | D:4      | Noticed Edmund
  2627 | D:4      | Found a radiant altar of Vehumet.
  2669 | D:3      | Reached XP level 5. HP: 13/28 MP: 2/8
  2691 | D:3      | Killed from afar by a giant cockroach

Vault maps used:
D:1:      eino_arrival_cavern_a
D:2:      serial_glass, glass_columns_b, glass_columns_a, glass_columns_b,
          glass_columns_a, dk_yredelemnul_ordeal
D:3:      gup_sewer_entry_spiral, uniq_natasha, uniq_jessica, uniq_terence
D:4:      vehumet_crystals, first_bread, uniq_edmund

Skill      XL: |  1  2  3  4 |
---------------+-------------+-----
Stealth        | 3 4 |  4.7
Short Blades   | 1 2 3 |  3.3
Dodging        | |  2.4
Spellcasting   | |  2.1
Conjurations   | |  4.4

Action                   |  1- 3 |  4- 6 || total
-------------------------+-------+-------++-------
Melee: Dagger            |    16 |       ||    16
       Short sword       |    15 |    26 ||    41
 Cast: Magic Dart        |    60 |    45 ||   105
       Searing Ray       |       |     2 ||     2
  Use: Scroll            |     5 |     5 ||    10
       Potion            |       |     2 ||     2
 Stab: Sleeping          |     1 |       ||     1
  Eat: Chunk             |     4 |     3 ||     7
Armor: Robe              |    10 |    13 ||    23
Dodge: Dodged            |    29 |    38 ||    67
